 Dungeon Crawl Stone Soup version 0.27-a0-333-gfa571bf19a (webtiles) character file.

Game seed: 15952946810693934879

131 ReteAZ the Twirler (level 5, -2/41 HPs)
             Began as a Human Gladiator on Feb 12, 2021.
             Killed by divine providence
             ... invoked by an orc priest
              (15 damage)
             ... on level 3 of the Dungeon.
             The game lasted 00:02:34 (2530 turns).

ReteAZ the Twirler (Human Gladiator)                Turns: 2530, Time: 00:02:35

Health: -2/41      AC:  8    Str: 16    XL:     5   Next: 37%
Magic:  5/5        EV: 10    Int:  8    God:
Gold:   121        SH:  0    Dex: 14    Spells: 4/4 levels left

rFire    . . .     SeeInvis .   a - +0 quarterstaff
rCold    . . .     Faith    .   (shield currently unavailable)
rNeg     . . .     Spirit   .   g - +0 scale mail
rPois    +         Reflect  .   n - +0 helmet
rElec    .         Harm     .   o - +0 cloak
rCorr    .         Rampage  .   (no gloves)
Will     .....                  (no boots)
Stlth    ..........             (no amulet)
HPRegen  0.13/turn              j - ring of poison resistance
MPRegen  0.09/turn              (no ring)

@: no status effects
A: no striking features
a: no special abilities


You were on level 3 of the Dungeon.
You visited 1 branch of the dungeon, and saw 3 of its levels.

You collected 121 gold pieces.

Inventory:

Hand Weapons
 a - a +0 quarterstaff (weapon)
Missiles
 d - 3 throwing nets (quivered)
Armour
 g - a +0 scale mail (worn)
 n - a +0 helmet (worn)
 o - a +0 cloak (worn)
 q - a +0 chain mail
Jewellery
 j - a ring of poison resistance (left hand)
 r - a ring of fire
Scrolls
 e - 2 scrolls of random uselessness {unknown}
 h - a scroll of identify {unknown}
 k - a scroll of enchant armour {unknown}
 l - a scroll of teleportation {unknown}
 p - a scroll of magic mapping {unknown}
Potions
 b - 2 potions of mutation {unknown}
 c - a potion of heal wounds {unknown}
 f - a potion of attraction {unknown}
 i - a potion of lignification {unknown}
 m - a potion of curing {unknown}


   Skills:
 + Level 3.1 Fighting
 * Level 4.5 Staves
 - Level 2.0 Throwing
 + Level 2.0 Armour
 - Level 3.0 Dodging


You had 4 spell levels left.
You didn't know any spells.
Your spell library contained the following spells:

 Spells                   Type           Power        Failure   Level
 Confusing Touch          Hex            0%           99%         3
 Gell's Gravitas          Tloc           0%           99%         3
 Petrify                  Tmut/Erth      0%           100%        4
 Metabolic Englaciation   Hex/Ice        0%           100%        5
 Yara's Violent Unravell  Hex/Tmut       0%           100%        5


Dungeon Overview and Level Annotations

Branches:
Dungeon (3/15)

Altars:
Ashenzari
Wu Jian

Annotations:
D:3 Terence


Message History

You hit the orc priest.
The orc priest is lightly wounded.
The orc priest closely misses you.
The orc priest hits you but does no damage.
You closely miss the orc priest.
The orc priest is lightly wounded.
The orc priest hits you with a +0 short sword.
You closely miss the orc priest.
The orc priest is lightly wounded.
The orc priest closely misses you. The orc priest completely misses you.
You hit the orc priest but do no damage.
The orc priest is lightly wounded.
The orc priest hits you with a +0 short sword.
You hit the orc priest.
The orc priest is moderately wounded.
The orc priest invokes the aid of Beogh against you.
Pain shoots through your body!
The orc priest mumbles some strange prayers to Beogh against you.
Beogh smites you!
* * * LOW HITPOINT WARNING * * *
You are too injured to fight recklessly!
You are too injured to fight recklessly!
You are too injured to fight recklessly!
You are too injured to fight recklessly!
You are too injured to fight recklessly!
You are too injured to fight recklessly!
You are too injured to fight recklessly!
You are too injured to fight recklessly!
You are too injured to fight recklessly!
You are too injured to fight recklessly!
You are too injured to fight recklessly!
You hit the orc priest.
The orc priest is heavily wounded.
The orc priest closely misses you.
The orc priest hits you but does no damage.
You hit the orc priest.
The orc priest is almost dead.
The orc priest invokes the aid of Beogh against you.
Beogh smites you!
You die...

# # # # ##'## # ##...##
#.##.....## ### #### #######
#.#.......## ##.###..# #......
.#.........$####@......####.#....
.o..........'.>o.................
....@.......####...#.#.####.##...
####.......## #######.#######..#
##o<...## #≈≈.(.......#....
##...## #≈≈≈........##.## ##'##
#≈≈≈..(.._).##.# #
#≈≈≈.....♣..##.# #≈≈≈≈.......##.#


You could see an orc priest (fast).

Vanquished Creatures
  An orc wizard (D:3)
  4 adders (D:2)
  An ooze (D:2)
  A dart slug (D:2)
  A leopard gecko (D:1)
  8 orcs
  2 giant cockroaches
  5 goblins
  3 hobgoblins (D:2)
  11 jackals
  A quokka (D:3)
  4 bats
  A frilled lizard (D:3)
  3 kobolds
  8 rats
54 creatures vanquished.

Vanquished Creatures (others)
  12 plants (D:2)
12 creatures vanquished.

Grand Total: 66 creatures vanquished

Notes
Turn   | Place    | Note
-------+----------+-------------------------------------------
     0 | D:1      | ReteAZ the Human Gladiator began the quest for the Orb.
     0 | D:1      | Reached XP level 1. HP: 16/16 MP: 1/1
   191 | D:1      | Reached XP level 2. HP: 6/22 MP: 2/2
   598 | D:1      | Found a broken altar of Ashenzari.
  1249 | D:2      | Reached skill level 1 in Armour
  1249 | D:2      | Reached XP level 3. HP: 28/28 MP: 3/3
  1372 | D:2      | Reached XP level 4. HP: 28/34 MP: 4/4
  1470 | D:2      | Reached skill level 4 in Staves
  2134 | D:3      | Noticed Terence
  2298 | D:3      | Reached XP level 5. HP: 38/40 MP: 5/5
  2467 | D:3      | Found an ornate altar of the Wu Jian Council.
  2530 | D:3      | Killed from afar by an orc priest

Illustrated notes

Levels and vault maps discovered:
D:1:      erik_arrival_triangle_huge, layout_basic, ashenzari_altar_1
D:2:      layout_loops_ring, serial_forest, infiniplex_forest_straight_2,
          infiniplex_forest_clump_large, infiniplex_forest_lined_3,
          infiniplex_forest_lined_2, infiniplex_forest_clump_small,
          infiniplex_forest_clump_small, infiniplex_forest_clump_cross
D:3:      layout_loops_corners, nzn_wu_jian_contemplation, uniq_terence,
          uniq_sigmund, uniq_grinder, uniq_crazy_yiuf_cottage

Skill      XL: |  1  2  3  4  5 |
---------------+----------------+-----
Armour         | 1 2 |  2.0
Staves         | 4 |  4.5
Fighting       | 3 |  3.1
Throwing       | |  2.0
Dodging        | |  3.0

Action                   |  1- 3 |  4- 6 || total
-------------------------+-------+-------++-------
Melee: Quarterstaff      |    61 |    92 ||   153
Armor: Leather armour    |     9 |       ||     9
       Scale mail        |    24 |    30 ||    54
Dodge: Dodged            |    39 |    50 ||    89

Table legend: (Time is in decaauts)
 A = Elapsed time spent in this place.
 B = Non-inter-level travel time spent in this place.
 C = Inter-level travel time spent in this place.
 D = Time resting spent in this place.
 E = Time spent auto-exploring this place.
 F = Levels seen in this place.
 G = Mean time per level.
                   A        B        C        D        E       F      G
               +--------+--------+--------+--------+--------+-----+--------+
         Total |   2548 |   2431 |    117 |    227 |   1750 |   3 |  849.3 |
       Dungeon |   2548 |   2431 |    117 |    227 |   1750 |   3 |  849.3 |
               +--------+--------+--------+--------+--------+-----+--------+

Top non-repeatable levels by time:
     D:1: 1244 daAuts
     D:2: 929 daAuts
     D:3: 373 daAuts
